 Dungeon Crawl Stone Soup version 0.28-a0-1184-g53156a8862 (webtiles) character file.

Game seed: 10941517925216414090

99 ytrimaz the Insei (level 4, -4/29 HPs)
             Began as an Octopode Transmuter on Dec 17, 2021.
             Slain by an orc (8 damage)
             ... on level 3 of the Dungeon.
             The game lasted 00:02:26 (2771 turns).

ytrimaz the Insei (Octopode Transmuter)             Turns: 2771, Time: 00:02:27

Health: -4/29      AC:  1    Str:  9    XL:     4   Next: 72%
Magic:  5/8        EV: 13    Int: 17    God:
Gold:   76         SH:  0    Dex: 12    Spells: 2/8 levels left

rFire   . . .      SeeInvis .     - Unarmed
rCold   . . .      Faith    .   (no shield)
rNeg    . . .      Spirit   .   (helmet restricted)
rPois   .          Reflect  .   (no amulet)
rElec   .          Harm     .   (no ring)
rCorr   .          Rampage  .   (no ring)
Will    .....                   (no ring)
Stlth   ++........              (no ring)
HPRegen 0.09/turn               (no ring)
MPRegen 0.11/turn               (no ring)
                                (no ring)
                                (no ring)

@: no status effects
A: almost no armour, amphibious, 8 rings, camouflage 1, gelatinous body 1,
(nimble swimmer 1), tentacles
a: no special abilities


You were on level 3 of the Dungeon.
You visited 1 branch of the dungeon, and saw 3 of its levels.

You collected 76 gold pieces.

Inventory:

Scrolls
 b - a scroll of immolation
 c - a scroll of magic mapping {unknown}
Potions
 a - 3 potions of attraction
 d - a potion of cancellation
 e - a potion of might {unknown}
 f - 2 potions of magic


   Skills:
 * Level 1.7 Fighting
 - Level 2.0 Dodging
 + Level 3.7 Unarmed Combat
 * Level 2.9 Spellcasting
 * Level 3.0 Transmutations


You had 2 spell levels left.
You knew the following spells:

 Your Spells              Type           Power      Damage    Failure   Level
a - Beastly Appendage     Tmut           24%        N/A       4%          1
b - Wereblood             Tmut           12%        N/A       8%          2
c - Spider Form           Tmut/Pois      7%         N/A       28%         3

Your spell library contained the following spells:

 Spells                   Type           Power      Damage    Failure   Level
 Foxfire                  Conj/Fire      8%         2x1d4     19%         1
 Call Canine Familiar     Summ           2%         N/A       47%         3
 Conjure Flame            Conj/Fire      2%         6-21      47%         3
 Inner Flame              Hex/Fire       2%         N/A       47%         3
 Portal Projectile        Hex/Tloc       4%         N/A       47%         3
 Ice Form                 Ice/Tmut       7%         N/A       67%         4
 Flame Wave               Conj/Fire      2%         2d4       87%         4
 Leda's Liquefaction      Hex/Erth       1%         N/A       87%         4


Dungeon Overview and Level Annotations

Branches:
Dungeon (3/15)

Altars:

Annotations:
D:2 Sigmund


Innate Abilities, Weirdness & Mutations

You cannot wear most types of armour.
You are amphibious.
You can wear up to eight rings at the same time.
Your skin changes colour to match your surroundings (Stealth+).
Your rubbery body absorbs attacks. (AC +1, EV +1)
((You are camouflaged near water. (Stealth+)))
You have tentacles for arms and can constrict up to eight enemies at once.


Message History

You hit the orc.
The orc is severely wounded.
Your transformation is almost over.
The orc completely misses you.
Unknown command.
You bite the orc!
You kill the orc!
The orc hits you but does no damage.
A goblin comes into view. It is wielding a +0 dagger.
You hit the orc priest.
The orc priest is poisoned.
The orc priest is moderately wounded.
The orc closely misses you. The orc priest misses you.
You hit the orc priest.
The orc priest looks as sick as possible!
The orc priest is almost dead.
You kill the orc priest!
The orc completely misses you.
Your Transmutations skill increases to level 3!
You hit the orc.
The orc is poisoned.
The orc is heavily wounded.
The orc hits you with a +0 mace. The orc closely misses you.
You hit the orc.
The orc looks even sicker.
The orc is heavily wounded.
The orc misses you. x2
Unknown command.
You hit the orc but do no damage.
The orc looks as sick as possible!
The orc is heavily wounded.
You kill the orc!
The orc hits you but does no damage.
You hit the goblin.
The goblin is poisoned.
The goblin is moderately wounded.
The orc hits you from afar with a +0 trident.
Unknown command.
You hit the goblin.
You kill the goblin!
Your transformation has ended.
The orc hits you from afar with a +0 trident!
* * * LOW HITPOINT WARNING * * *
The orc hits you with a +0 trident!
You die...

. .oo...##. .. #..##...
...##..##..# .........#
#.####..##..#
............#
#####..###.#### # #..#
#....####.## ######..#
#....@.....#
........###...o####....#
######.#.##..###..# #..#
...........##.... .#
...#.###.......# #.# #.
#......## # #
#.###.#....## K
##..........# #
####...##... #


You could see an orc.

Vanquished Creatures
  An orc priest (D:3)
  2 adders (D:3)
  A worm (D:3)
  A dart slug (D:1)
  2 orcs (D:3)
  4 bats (D:1)
  5 endoplasms
  A giant cockroach (D:1)
  A goblin (D:3)
  5 hobgoblins
  4 jackals (D:1)
  6 kobolds
  A quokka (D:1)
  A ball python (D:1)
  4 frilled lizards (D:1)
  4 rats
43 creatures vanquished.

Notes
Turn   | Place    | Note
-------+----------+-------------------------------------------
     0 | D:1      | ytrimaz the Octopode Transmuter began the quest for the
                  | Orb.
     0 | D:1      | Reached XP level 1. HP: 13/13 MP: 3/3
   208 | D:1      | Reached XP level 2. HP: 18/18 MP: 3/5
   579 | D:1      | You fall into a shaft and drop 1 floor!
   660 | D:1      | Reached XP level 3. HP: 23/23 MP: 6/6
   663 | D:1      | Learned a level 2 spell: Wereblood
   667 | D:1      | Learned a level 3 spell: Spider Form
  1174 | D:2      | Noticed Sigmund
  1251 | D:2      | Found a faded altar of an unknown god.
  2069 | D:3      | HP: 1/23 [poisoned by an adder]
  2519 | D:3      | Reached XP level 4. HP: 12/28 MP: 5/7
  2771 | D:3      | Slain by an orc

Illustrated notes

Levels and vault maps discovered:
D:1:      minmay_arrival_up_and_down, layout_basic, minmay_heptomino_h4
D:2:      layout_rooms, hellmonk_ecumenical_altar_inner_sanctum,
          serial_bayou_pond_c, minmay_misc_feat_rugged, uniq_sigmund
D:3:      layout_loops_ring, minmay_misc_feat_iff, minmay_misc_feat_cross,
          minmay_misc_feat_four_crosses

Skill      XL: |  1  2  3  4 |
---------------+-------------+-----
Transmutations | 3 |  3.0
Fighting       | |  1.7
Dodging        | |  2.0
Unarmed Combat | |  3.7
Spellcasting   | |  2.9

Action                   |  1- 3 |  4- 6 || total
-------------------------+-------+-------++-------
Melee: Unarmed           |    74 |    14 ||    88
       Constrict         |    23 |       ||    23
       Tentacles         |    13 |       ||    13
       Kick              |    14 |     1 ||    15
       Punch             |     3 |       ||     3
 Cast: Beastly Appendage |    23 |     2 ||    25
       Spider Form       |       |     1 ||     1
  Use: Scroll            |     8 |       ||     8
 Stab: Distracted        |     1 |       ||     1
       Sleeping          |       |     1 ||     1
Armor: Skin              |    12 |     3 ||    15
Dodge: Dodged            |    62 |     9 ||    71

Table legend: (Time is in decaauts)
 A = Elapsed time spent in this place.
 B = Non-inter-level travel time spent in this place.
 C = Inter-level travel time spent in this place.
 D = Time resting spent in this place.
 E = Time spent auto-exploring this place.
 F = Levels seen in this place.
 G = Mean time per level.
                   A        B        C        D        E       F      G
               +--------+--------+--------+--------+--------+-----+--------+
         Total |   2765 |   2731 |     34 |    407 |   1902 |   3 |  921.7 |
       Dungeon |   2765 |   2731 |     34 |    407 |   1902 |   3 |  921.7 |
               +--------+--------+--------+--------+--------+-----+--------+

Top non-repeatable levels by time:
     D:3: 1143 daAuts
     D:1: 1131 daAuts
     D:2: 490 daAuts
